AoeStats
← sawacdard

Nomad

504133542Analyzed
4v4 RM · 27d ago on Sep 4, 2026· 37m 47s· 8 players
Game mode
Random Map
Map size
231×231
Population
200
Speed
Normal
Resources
Standard
Victory
Conquest
Starting age
Dark Age
Ending age
Imperial Age
RankedLock teamsTeams togetherTeam positionsShared explorationLock speedFull tech treeHidden civsTurbo modeCheats
Victory
Defeat
🇹🇼 Bulgarians · Taiwan
1277
+14
🇹🇼 Dravidians · Taiwan
1244
+16
🇨🇳 Mongols · China
1237
+16
🇧🇩 Vietnamese · Bangladesh
1204
+18
🇨🇳 Spanish · China
1302
-19
🇪🇨 Italians · Ecuador
1261
-17
🇨🇱 Dravidians · Chile
1202
-14
🇹🇼 Japanese · Taiwan
1191
-14
等等等等
14:04 Feudal Age
13:52 Loom
15:14 Loom
15:15 Fishing Lines
18:00 Castle Age
16:29 Double-Bit Axe
19:34 Fletching
20:14 Bodkin Arrow
22:54 Bow Saw
24:36 Ballistics
24:36 Horse Collar
28:31 Bloodlines
30:01 Wheelbarrow
35:22 Imperial Age
32:47 Stone Mining
32:47 Gold Mining
34:38 Gold Shaft Mining
34:39 Stone Shaft Mining
35:28 Heavy Plow
35:43 Husbandry
37:31 Chemistry
36:39 Bracer
36:40 Padded Archer Armor
38:33 Leather Archer Armor
sawacdard
3:36 Loom
15:08 Feudal Age
19:03 Castle Age
17:03 Double-Bit Axe
17:50 Gold Mining
20:05 Medium Warships
20:18 Bow Saw
26:17 Horse Collar
27:25 Fishing Lines
28:27 Wheelbarrow
30:09 Heavy Plow
34:45 Imperial Age
33:04 Squires
32:49 Gambesons
32:25 Man-at-Arms
32:51 Arson
33:07 Scale Mail Armor
33:18 Forging
33:41 Hand Cart
33:11 Town Watch
33:21 Stone Mining
33:55 Chain Mail Armor
35:14 Iron Casting
34:24 Long Swordsman
35:31 Town Patrol
36:12 Plate Mail Armor
35:07 Two-Handed Swordsman
35:54 Champion
38:52 Blast Furnace
38:45 Conscription
Gunslinger
15:27 Feudal Age
14:05 Loom
15:58 Double-Bit Axe
17:17 Stone Mining
17:18 Gold Mining
20:12 Castle Age
21:37 Bow Saw
23:48 Scale Mail Armor
23:58 Forging
29:10 Horse Collar
31:39 Chain Mail Armor
34:56 Wheelbarrow
34:37 Padded Archer Armor
34:28 Fletching
35:42 Bodkin Arrow
36:03 Leather Archer Armor
38:31 Hand Cart
Fun4
5:37 Loom
13:03 Feudal Age
14:00 Town Watch
17:08 Castle Age
15:48 Fishing Lines
16:12 Double-Bit Axe
19:46 Bow Saw
20:16 Wheelbarrow
25:16 Scale Barding Armor
25:32 Horse Collar
26:20 Fletching
29:59 Forging
34:54 Chain Barding Armor
34:53 Heavy Plow
Mankoreño
7:49 Loom
15:54 Feudal Age
16:46 Gold Mining
16:43 Double-Bit Axe
17:56 Fletching
19:59 Fishing Lines
28:05 Castle Age
25:47 Horse Collar
29:40 Husbandry
30:12 Medium Warships
29:53 Gillnets
30:22 Padded Archer Armor
30:19 Bodkin Arrow
31:37 Ballistics
31:28 Careening
31:28 Clinker Construction
31:47 Padded Archer Armor
34:18 Bow Saw
37:58 Wheelbarrow
Santiawhy
4:48 Loom
15:14 Feudal Age
20:21 Castle Age
18:47 Fishing Lines
18:55 Double-Bit Axe
22:33 Wheelbarrow
24:43 Hand Cart
25:36 Fletching
27:59 Ballistics
36:28 Bodkin Arrow
Liam
5:42 Loom
15:23 Feudal Age
15:28 Man-at-Arms
17:58 Arson
20:52 Castle Age
20:20 Forging
20:10 Scale Mail Armor
22:55 Wheelbarrow
22:28 Double-Bit Axe
22:25 Horse Collar
22:54 Gold Mining
22:57 Stone Mining
31:13 Imperial Age
Stalin
13:14 Feudal Age
11:38 Loom
16:43 Castle Age
16:09 Double-Bit Axe
17:36 Gold Mining
19:37 Padded Archer Armor
20:30 Bow Saw
27:01 Leather Archer Armor
27:31 Horse Collar
29:07 Sanctity
29:47 Sanctity
33:48 Imperial Age
32:59 Wheelbarrow
32:19 Stone Mining
33:15 Bloodlines
33:05 Husbandry
35:01 Ring Archer Armor
35:16 Fletching
36:06 Husbandry
37:26 Bodkin Arrow
37:53 Conscription
Connection lost

Rejoining the realm…

Still unreachable

The connection could not be restored.

Session expired

The server has moved on; the page needs a fresh start.